 Dungeon Crawl Stone Soup version 0.28.0 (webtiles) character file.

Game seed: 15336244261283163819

405 themarg the Caller (level 6, 0/43 HPs)
             Began as a Merfolk Summoner on Feb 10, 2022.
             Killed by divine providence
             ... invoked by an orc priest
              (13 damage)
             ... on level 4 of the Dungeon.
             The game lasted 00:20:34 (3698 turns).

themarg the Caller (Merfolk Summoner)               Turns: 3698, Time: 00:20:35

Health: 0/43       AC:  2    Str:  8    XL:     6   Next: 87%
Magic:  8/12       EV: 13    Int: 17    God:
Gold:   149        SH:  0    Dex: 14    Spells: 6/13 levels left

rFire   x . .      SeeInvis +   p - +2 short sword (venom)
rCold   + . .      Faith    .   (no shield)
rNeg    . . .      Spirit   .   a - +0 robe
rPois   .          Reflect  .   (no helmet)
rElec   .          Harm     .   (no cloak)
rCorr   .          Rampage  .   (no gloves)
Will    .....                   (no boots)
Stlth   ++........              (no amulet)
HPRegen 0.14/turn               h - ring of see invisible
MPRegen 0.13/turn               i - ring of ice

@: no status effects
A: (nimble swimmer 2), mertail
a: no special abilities


You were on level 4 of the Dungeon.
You visited 1 branch of the dungeon, and saw 4 of its levels.

You collected 149 gold pieces.

Inventory:

Hand Weapons
 p - a +2 short sword of venom (weapon)
Missiles
 c - 161 stones
 j - 6 poisoned darts
Armour
 a - a +0 robe (worn)
Jewellery
 h - a ring of see invisible (left hand)
 i - a ring of ice (right hand)
 m - a ring of flight
Scrolls
 e - 4 scrolls of identify {unknown}
 f - a scroll of fog {unknown}
 g - 2 scrolls of noise {unknown}
 k - a scroll of brand weapon {unknown}
 l - a scroll of magic mapping {unknown}
Potions
 n - a potion of attraction {unknown}
 o - a potion of heal wounds {unknown}


   Skills:
 + Level 1.5 Fighting
 + Level 2.5 Short Blades
 + Level 3.6 Dodging
 + Level 3.4 Stealth
 + Level 4.0 Spellcasting
 + Level 5.4 Summonings


You had 6 spell levels left.
You knew the following spells:

 Your Spells              Type           Power      Damage    Failure   Level
a - Summon Small Mammal   Summ           84%        N/A       1%          1
b - Call Canine Familiar  Summ           21%        N/A       4%          3
c - Summon Guardian Gole  Hex/Summ       12%        N/A       16%         3

Your spell library contained the following spells:

 Spells                   Type           Power      Damage    Failure   Level
 Call Imp                 Summ           21%        N/A       2%          2
 Shock                    Conj/Air       12%        1d3       16%         1
 Gell's Gravitas          Tloc           3%         N/A       43%         3
 Swiftness                Air            3%         N/A       43%         3
 Teleport Other           Tloc           3%         N/A       43%         3
 Summon Lightning Spire   Summ/Air       12%        N/A       45%         4
 Airstrike                Air            1%         N/A       83%         4
 Dispersal                Tloc           1%         N/A       100%        6


Dungeon Overview and Level Annotations

Branches:
Dungeon (4/15)
 Temple: D:4-7

Altars:
Makhleb
Trog
Vehumet


Innate Abilities, Weirdness & Mutations

((You are very nimble when in or above water. (Stealth+, EV+, Speed+++)))
Your lower body shifts to a powerful aquatic tail in water.


Message History

g - Guard the area. f - Follow me.
Anything else - Cancel.
Guard this area!
Your hound closely misses the orc.
The orc hits your hound with a +0 mace.
Your hound bites the orc but does no damage.
Your hound barely misses the orc.
The orc misses your hound.
Your hound closely misses the orc.
The orc barely misses your hound.
Your hound bites the orc.
Your hound bites the orc but does no damage.
The orc completely misses your hound.
Your hound bites the orc.
The orc dies!
The kobold throws a stone.
The stone hits your hound.
Your hound bites the kobold.
The kobold dies!
An adder comes into view.
Your hound barely misses the adder.
The adder barely misses your hound.
Your hound barely misses the adder.
The adder bites your hound. Flame seeps out of your guardian golem.
Your guardian golem is engulfed in blazing flames.
Flame seeps out of your guardian golem.
Your hound bites the adder.
The adder bites your hound but does no damage.
Your hound closely misses the adder.
The adder barely misses your hound.
Your hound closely misses the adder.
Your guardian golem is engulfed in blazing flames.
Flame seeps out of your guardian golem.
Your hound misses the adder.
The adder bites your hound but does no damage.
Your hound bites the adder.
The adder barely misses your hound.
Your hound misses the adder. The adder bites your hound.
Your guardian golem disappears in a puff of smoke!
Your guardian golem explodes!
The fiery explosion engulfs your hound!!
Your hound dies!
Your hound's corpse disappears in a puff of smoke!
Casting: Call Canine Familiar (dangerous; 4% risk of failure)
Confirm with . or Enter, or press ? or * to list all spells.
The orc priest calls down the wrath of Beogh upon you.
Beogh smites you!
You die...

##.# #.$. #...
#.$. ## #... ..#
#.$. #.## ####
.###...##...#
.... .......@h#
.#... ####....##
... ##..S# .K. #
##○)## #.##..##.
#.#o###........
##.##)..## ..###
#.....K!..###....
#..#...#..#.....
...###.###.#.# .#


You could see an orc priest, an adder (ally target) and a friendly hound
(summoned).

Vanquished Creatures
  A bullfrog skeleton (D:4)
  An iguana (D:4)
  An adder (D:2)
  A dart slug (D:1)
  3 orcs
  2 ball pythons (D:1)
  3 bats
  An endoplasm (D:3)
  A giant cockroach (D:4)
  3 goblins
  A hobgoblin (D:1)
  A kobold (D:1)
  3 quokkas
  3 frilled lizards
  A rat (D:1)
26 creatures vanquished.

Vanquished Creatures (collateral kills)
  A phantom (D:4)
  A jelly (D:4)
  2 orc priests (D:4)
  An iron imp (D:3)
  An iguana (D:4)
  3 adders
  2 worms
  A dart slug (D:1)
  10 orcs
  4 ball pythons
  4 endoplasms
  A giant cockroach (D:2)
  3 goblins
  2 hobgoblins
  4 kobolds
  2 quokkas
  2 bats (D:3)
  4 frilled lizards
48 creatures vanquished.

Grand Total: 74 creatures vanquished

Notes
Turn   | Place    | Note
-------+----------+-------------------------------------------
     0 | D:1      | themarg the Merfolk Summoner began the quest for the Orb.
     0 | D:1      | Reached XP level 1. HP: 13/13 MP: 3/3
   136 | D:1      | Reached XP level 2. HP: 19/19 MP: 1/5
   729 | D:1      | Reached XP level 3. HP: 24/24 MP: 6/6
   975 | D:1      | Learned a level 3 spell: Call Canine Familiar
  1233 | D:2      | Found a faded altar of an unknown god.
  1803 | D:3      | Reached XP level 4. HP: 24/31 MP: 3/7
  2224 | D:3      | Identified the +1 scale mail of Analysis {+Blink rPois rF-
                  | Will+++}
  2271 | D:3      | Reached skill level 1 in Short Blades
  2271 | D:3      | Found a bloodstained altar of Trog.
  2572 | D:3      | Found a burning altar of Makhleb.
  2615 | D:3      | Reached XP level 5. HP: 36/36 MP: 0/9
  2803 | D:4      | Learned a level 3 spell: Summon Guardian Golem
  2833 | D:4      | Reached skill level 5 in Summonings
  2953 | D:4      | Reached skill level 1 in Fighting
  3210 | D:4      | Reached XP level 6. HP: 28/43 MP: 2/11
  3549 | D:4      | Found a radiant altar of Vehumet.
  3698 | D:4      | Killed from afar by an orc priest

Illustrated notes

Levels and vault maps discovered:
D:1:      minmay_arrival_radiant_lines, layout_basic, chequers_avenue
D:2:      layout_rooms, hellmonk_ecumenical_altar_inner_sanctum
D:3:      cheibrodos_helix_gallery, layout_basic, trog_three_pillars_becter,
          demons_altar, gup_sewer_entry_glass
D:4:      minmay_door_path, layout_loops_ring, vehumet_crystals,
          mainiacjoe_overflow_alcove_1, grunt_gozag_breadcrumbs, uniq_ijyb

Skill      XL: |  1  2  3  4  5  6 |
---------------+-------------------+-----
Dodging        | 3 |  3.6
Short Blades   | 1 2 |  2.5
Spellcasting   | 3 4 |  4.0
Stealth        | 3 |  3.4
Summonings     | 5 |  5.4
Fighting       | 1 |  1.5

Action                   |  1- 3 |  4- 6 || total
-------------------------+-------+-------++-------
Melee: Club              |     8 |       ||     8
       Short sword       |    58 |    82 ||   140
       Punch             |       |     2 ||     2
 Cast: Summon Small Mamm |    33 |     8 ||    41
       Call Canine Famil |     3 |    21 ||    24
       Summon Guardian G |       |     1 ||     1
 Stab: Sleeping          |     2 |     1 ||     3
       Distracted        |       |     1 ||     1
Armor: Robe              |    19 |    13 ||    32
Dodge: Dodged            |    52 |    62 ||   114
